 Dungeon Crawl Stone Soup version 0.30-a0-476-g330ca2eb8e (webtiles) character file.

Game seed: 14170736271348252974

1957 ragingrage the Charlatan (level 9, -1/68 HPs)
             Began as a Gnoll Artificer on Dec 21, 2022.
             Slain by a steam dragon (2 damage)
             ... on level 7 of the Dungeon.
             The game lasted 00:09:31 (7678 turns).

ragingrage the Charlatan (Gnoll Artificer)          Turns: 7678, Time: 00:09:31

Health: -1/68      AC:  5    Str:  9 (11) XL:     9   Next: 19%
Magic:  15/15      EV: 15    Int: 13 (14) God:
Gold:   277        SH:  0    Dex: 26 (27) Spells: 16/16 levels left

rFire   . . .      SeeInvis .    a - +2 dagger "Meicoy" {flame, Int+2 Dex+5}
rCold   . . .      Faith    .    (no shield)
rNeg    . . .      Spirit   .    I - +0 leather armour
rPois   .          Reflect  .    r - +0 helmet
rElec   .          Harm     .    (no cloak)
rCorr   .          Rampage  .    (no gloves)
Will    +....                    (no boots)
Stlth   +++.......               (no amulet)
HPRegen 0.31/turn                o - ring of willpower
MPRegen 0.14/turn                u - +6 ring of dexterity

@: attractive, hasted, very quick
A: fangs 1, strong nose, distributed training
a: no special abilities


You were on level 7 of the Dungeon.
You visited 1 branch of the dungeon, and saw 7 of its levels.

You collected 277 gold pieces.

Inventory:

Hand Weapons
 a - the +2 dagger "Meicoy" (weapon) {flame, Int+2 Dex+5}
   (You found it on level 2 of the Dungeon)

   It burns those it strikes, dealing additional fire damage.
   Int:       It affects your intelligence (+2).
   Dex:       It affects your dexterity (+5).
 b - a +0 shortbow
 h - a +0 mace
 i - a +0 sling
 C - a +2 flail of holy wrath
Missiles
 A - 9 poisoned darts (quivered)
 G - a throwing net
Armour
 r - a +0 helmet (worn)
 I - a +0 leather armour (worn)
Jewellery
 o - a ring of willpower (left hand)
 u - a +6 ring of dexterity (right hand)
 F - a ring of willpower
Wands
 c - a wand of flame (9)
 d - a wand of charming (10)
 e - a wand of iceblast (5)
 q - a wand of digging (2)
 y - a wand of mindburst (21)
 E - a wand of roots (4)
Scrolls
 g - 2 scrolls of blinking {unknown}
 j - a scroll of enchant armour {unknown}
 k - 3 scrolls of noise {unknown}
 l - 5 scrolls of teleportation {unknown}
 n - 2 scrolls of magic mapping {unknown}
 s - 2 scrolls of poison {unknown}
 t - a scroll of fear {unknown}
 v - 5 scrolls of identify {unknown}
 x - 6 scrolls of enchant weapon {unknown}
Potions
 f - a potion of magic {unknown}
 p - 2 potions of curing
 w - 2 potions of degeneration
 z - 2 potions of brilliance {unknown}
 B - 2 potions of heal wounds {unknown}
 D - a potion of lignification {unknown}
 H - a potion of attraction
 J - a potion of berserk rage {unknown}


   Skills:
 + Level 5.0 Fighting
 + Level 4.1 Short Blades
 + Level 4.1 Long Blades
 + Level 4.1 Axes
 + Level 4.1 Maces & Flails
 + Level 4.1 Polearms
 + Level 4.1 Staves
 + Level 4.1 Ranged Weapons
 + Level 4.1 Throwing
 + Level 6.2 Armour
 + Level 5.0 Dodging
 + Level 4.8 Stealth
 + Level 4.1 Shields
 + Level 4.1 Unarmed Combat
 + Level 4.1 Spellcasting
 + Level 3.4 Conjurations
 + Level 3.4 Hexes
 + Level 3.4 Summonings
 + Level 3.4 Necromancy
 + Level 3.4 Translocations
 + Level 3.4 Transmutations
 + Level 3.4 Fire Magic
 + Level 3.4 Ice Magic
 + Level 3.4 Air Magic
 + Level 3.4 Earth Magic
 + Level 3.4 Poison Magic
 + Level 4.5 Invocations
 + Level 7.8 Evocations


You had 16 spell levels left.
You didn't know any spells.
Your spell library contained the following spells:

 Spells                   Type           Power      Damage    Failure   Level
 Dazzling Flash           Conj/Hex       22%        N/A       21%         3
 Iskenderun's Mystic Bla  Conj/Tloc      11%        2d4       54%         4
 Starburst                Conj/Fire      5%         6d4       100%        6


Dungeon Overview and Level Annotations

Branches:
Dungeon (7/15)
 Temple: D:4-7

Altars:
Yredelemnul
The Shining One

Shops:
D:3 :   D:6 =

Annotations:
D:2 1 runed translucent door, Crazy Yiuf


Innate Abilities, Weirdness & Mutations

You have very sharp teeth.
Your uncanny sense of smell can sniff out nearby items.
Your experience applies equally to all skills.


Message History

The steam dragon barely misses you.
The steam dragon claws you but does no damage.
Items here: )) [ †.
You hit the steam dragon. You burn the steam dragon.
You bite the steam dragon, but do no damage.
The steam dragon is lightly wounded.
You are engulfed in a cloud of scalding steam.
You hit the steam dragon. You burn the steam dragon.
You bite the steam dragon, but do no damage.
The steam dragon is moderately wounded.
The steam dragon bites you but does no damage.
The steam dragon barely misses you.
You hit the steam dragon but do no damage.
The steam dragon is moderately wounded.
The steam dragon bites you. The steam dragon barely misses you.
You hit the steam dragon. You burn the steam dragon.
The steam dragon is heavily wounded.
The steam dragon barely misses you. The steam dragon misses you.
You hit the steam dragon. You burn the steam dragon.
You bite the steam dragon, but do no damage.
The steam dragon is heavily wounded.
The steam dragon breathes steam at you. The ball of steam hits you!
* * * LOW HITPOINT WARNING * * *
It was a potion of haste.
You feel yourself speed up.
You are engulfed in a cloud of scalding steam.
* * * LOW HITPOINT WARNING * * *
The steam dragon barely misses you.
The steam dragon claws you but does no damage.
It was a potion of degeneration.
There was something very wrong with that liquid.
You feel weakened.
You feel dopey.
You feel clumsy.
You are engulfed in a cloud of scalding steam.
* * * LOW HITPOINT WARNING * * *
It was a potion of attraction.
You feel attractive to monsters.
You are engulfed in a cloud of scalding steam.
* * * LOW HITPOINT WARNING * * *
The steam dragon barely misses you. The steam dragon claws you.
You die... ########### ∆ ........h PPP..PP

..... ...# # ####
#..##.##.. #...
#####
#h####.§.$..... #.##
.<).# #..D@§§.# #.##
#g#g# .....#####.#
#.#. #)#.########
#.# #.#. #.......#
##.## #...
###g###.### #...#
##... ###...?...#
#...# #....
...g.##.#.. #...#
#.#.. ...?......
#####...##### #...#
.....##.#.
#...........#####.##


You could see a steam dragon (catching breath) and a hound.

Vanquished Creatures
  An ice beast (D:5)
  A black bear (D:7)
  5 ogres
  A centaur (D:6)
  A necrophage (D:6)
  2 scorpions (D:6)
  An electric eel (D:6)
  4 jellies
  4 hounds
  4 orc priests
  2 gnoll boudas
  Terence (D:3)
  Jessica (D:3)
  3 iguanas
  4 orc wizards
  17 gnolls
  6 adders
  A white imp (D:6)
  2 ufetubi
  A worm (D:2)
  16 orcs
  6 ball pythons
  6 endoplasms
  3 giant cockroaches
  4 goblins
  10 hobgoblins
  9 jackals
  7 kobolds
  3 quokkas
  6 bats
  3 frilled lizards (D:1)
  8 rats
143 creatures vanquished.

Vanquished Creatures (collateral kills)
  An iguana (D:4)
  An orc wizard (D:4)
  A gnoll (D:4)
  3 orcs (D:4)
6 creatures vanquished.

Vanquished Creatures (others)
  An orc priest (D:4)
  2 gnolls
3 creatures vanquished.

Grand Total: 152 creatures vanquished

Notes
Turn   | Place    | Note
-------+----------+-------------------------------------------
     0 | D:1      | ragingrage the Gnoll Artificer began the quest for the Orb.
     0 | D:1      | Reached XP level 1. HP: 17/17 MP: 1/1
    98 | D:1      | Reached XP level 2. HP: 23/23 MP: 2/2
   560 | D:2      | Found a faded altar of an unknown god.
   581 | D:1      | Reached XP level 3. HP: 20/28 MP: 3/3
   724 | D:2      | Reached skill level 1 in Invocations
   987 | D:2      | Found a runed translucent door.
   988 | D:2      | Noticed Crazy Yiuf
  1038 | D:2      | Identified the +2 dagger "Meicoy" {flame, Int+2 Dex+5}
  1112 | D:2      | Reached skill level 1 in Short Blades
  1112 | D:2      | Reached skill level 1 in Long Blades
  1112 | D:2      | Reached skill level 1 in Axes
  1112 | D:2      | Reached skill level 1 in Maces & Flails
  1112 | D:2      | Reached skill level 1 in Polearms
  1112 | D:2      | Reached skill level 1 in Staves
  1112 | D:2      | Reached skill level 1 in Ranged Weapons
  1112 | D:2      | Reached skill level 1 in Throwing
  1112 | D:2      | Reached skill level 1 in Shields
  1112 | D:2      | Reached skill level 1 in Unarmed Combat
  1112 | D:2      | Reached skill level 1 in Spellcasting
  1399 | D:3      | Found Emenk's Book Emporium.
  1515 | D:3      | Noticed Jessica
  1525 | D:3      | Killed Jessica
  1526 | D:3      | Reached XP level 4. HP: 20/34 MP: 5/5
  1648 | D:3      | Reached skill level 1 in Conjurations
  1648 | D:3      | Reached skill level 1 in Hexes
  1648 | D:3      | Reached skill level 1 in Summonings
  1648 | D:3      | Reached skill level 1 in Necromancy
  1648 | D:3      | Reached skill level 1 in Translocations
  1648 | D:3      | Reached skill level 1 in Transmutations
  1648 | D:3      | Reached skill level 1 in Fire Magic
  1648 | D:3      | Reached skill level 1 in Ice Magic
  1648 | D:3      | Reached skill level 1 in Air Magic
  1648 | D:3      | Reached skill level 1 in Earth Magic
  1648 | D:3      | Reached skill level 1 in Poison Magic
  2100 | D:3      | Noticed Terence
  2104 | D:3      | Killed Terence
  2105 | D:3      | Reached XP level 5. HP: 38/40 MP: 5/7
  2393 | D:4      | Noticed an ogre
  2397 | D:4      | Killed an ogre
  2463 | D:4      | Noticed an ogre
  2491 | D:3      | Reached XP level 6. HP: 45/47 MP: 8/8
  2560 | D:4      | Reached skill level 5 in Armour
  3519 | D:4      | Reached skill level 7 in Evocations
  3519 | D:4      | Reached XP level 7. HP: 22/52 MP: 10/10
  4137 | D:5      | Entered Level 5 of the Dungeon
  4493 | D:4      | Reached XP level 8. HP: 39/60 MP: 12/12
  6379 | D:6      | Found a basalt altar of Yredelemnul.
  6385 | D:6      | Found a glowing golden altar of the Shining One.
  6387 | D:6      | Noticed an angel
  6661 | D:6      | Found Vibbuela's Jewellery Shoppe.
  7055 | D:7      | Reached XP level 9. HP: 48/66 MP: 14/14
  7670 | D:7      | Reached skill level 5 in Fighting
  7670 | D:7      | Reached skill level 5 in Dodging
  7678 | D:7      | HP: 1/68 [steam dragon] (8)]
  7678 | D:7      | Slain by a steam dragon

Illustrated notes

Levels and vault maps discovered:
D:1:      scummos_arrival_simple_fountains, layout_rooms
D:2:      layout_basic, hellmonk_ecumenical_altar_dog_temple, dk_noncrumbling_3,
          uniq_crazy_yiuf_cottage
D:3:      layout_loops_corners, serial_shops, shop, kennysheep_crisscross,
          minmay_stone_trees_large, hangedman_decor_clover_reticule,
          uniq_jessica, uniq_terence
D:4:      minmay_recursive_quarters, layout_basic, minmay_misc_feat_doors
D:5:      layout_rooms
D:6:      layout_layer_cave, grunt_temple_overflow_holy_war, serial_shops, shop,
          minmay_crystal_water
D:7:      layout_loops_cross, mainiacjoe_overflow_boulevard,
          minmay_temple_entry_overgrown, uniq_pikel

Skill      XL: |  1  2  3  4  5  6  7  8  9 |
---------------+----------------------------+-----
Invocations    | 1 2 3 4 |  4.5
Short Blades   | 1 2 3 4 |  4.1
Long Blades    | 1 2 3 4 |  4.1
Axes           | 1 2 3 4 |  4.1
Maces & Flails | 1 2 3 4 |  4.1
Polearms       | 1 2 3 4 |  4.1
Staves         | 1 2 3 4 |  4.1
Ranged Weapons | 1 2 3 4 |  4.1
Throwing       | 1 2 3 4 |  4.1
Shields        | 1 2 3 4 |  4.1
Unarmed Combat | 1 2 3 4 |  4.1
Spellcasting   | 1 2 3 4 |  4.1
Conjurations   | 1 2 3 |  3.4
Hexes          | 1 2 3 |  3.4
Summonings     | 1 2 3 |  3.4
Necromancy     | 1 2 3 |  3.4
Translocations | 1 2 3 |  3.4
Transmutations | 1 2 3 |  3.4
Fire Magic     | 1 2 3 |  3.4
Ice Magic      | 1 2 3 |  3.4
Air Magic      | 1 2 3 |  3.4
Earth Magic    | 1 2 3 |  3.4
Poison Magic   | 1 2 3 |  3.4
Fighting       | 3 4 5 |  5.0
Dodging        | 3 4 5 |  5.0
Stealth        | 3 4 |  4.8
Armour         | 5 6 |  6.2
Evocations     | 7 |  7.8

Action                   |  1- 3 |  4- 6 |  7- 9 || total
-------------------------+-------+-------+-------++-------
Melee: Club              |    22 |       |       ||    22
       Bite              |     8 |    15 |    52 ||    75
       Punch             |     4 |     2 |    14 ||    20
       Mace              |    92 |       |       ||    92
       Dagger            |    18 |   104 |   322 ||   444
 Fire: Shortbow          |       |       |    14 ||    14
Throw: Dart              |       |       |     9 ||     9
Evoke: Wand              |     1 |     9 |     8 ||    18
  Use: Potion            |       |     1 |     3 ||     4
 Stab: Sleeping          |     5 |     7 |     9 ||    21
Armor: Leather armour    |    48 |    24 |    48 ||   120
Dodge: Dodged            |   118 |    92 |   195 ||   405

Table legend: (Time is in decaauts)
 A = Elapsed time spent in this place.
 B = Non-inter-level travel time spent in this place.
 C = Inter-level travel time spent in this place.
 D = Time resting spent in this place.
 E = Time spent auto-exploring this place.
 F = Levels seen in this place.
 G = Mean time per level.
                   A        B        C        D        E       F      G
               +--------+--------+--------+--------+--------+-----+--------+
         Total |   7668 |   7293 |    375 |   1897 |   3768 |   7 | 1095.4 |
       Dungeon |   7668 |   7293 |    375 |   1897 |   3768 |   7 | 1095.4 |
               +--------+--------+--------+--------+--------+-----+--------+

Top non-repeatable levels by time:
     D:4: 2114 daAuts
     D:6: 1571 daAuts
     D:5: 1055 daAuts
     D:3: 1018 daAuts
     D:2: 764 daAuts
     D:1: 676 daAuts
     D:7: 467 daAuts
